Map: Tourmaline LE

Players

HoldTheDoor - Winner!

  • Race: Protoss Protoss
  • League: Diamond
  • Spawn Location: 7:00

Ninotter

  • Race: Terran Terran
  • League: Master
  • Spawn Location: 1:00

VOD

Have the link to the VOD?

Description

Time

  • Played on: May 25, 2026, 12:20 p.m.
  • Length: 5:57
Show
View Real Time Build Order
Export as new Build Order

HoldTheDoor Protoss - Winner!

Build Orders: 1 Gate Expand 

Get SALT Encoding   

  12  0:00  Probe  
  13  0:12  Probe  
  14  0:17  Pylon  
  14  0:23  Probe  
  15  0:31  Probe  
  15  0:38  Gateway  
  15  0:39  Probe  
  16  0:48  Assimilator  
  17  0:50  Probe  
  18  1:03  Probe  
  19  1:15  Probe  
  20  1:30  Nexus  
  20  1:33  Cybernetics Core  
  20  1:36  Probe  
  21  1:43  Pylon  
  21  1:49  Probe  
  21  1:50  Assimilator  
  23  2:01  Probe  
  23  2:10  Adept  
  23  2:15  Probe  
  24  2:18  Warp Gate  
  26  2:27  Shield Battery  
  26  2:31  Probe  
  27  2:38  Pylon  
  27  2:42  Probe  
  27  2:43  Probe  
  29  2:49  Gateway  
  29  2:51  Robotics Facility  
  29  2:56  Probe  
  29  2:57  Probe  
  31  3:00  Shield Battery  
  31  3:08  Probe  
  31  3:11  Gateway  
  32  3:18  Gateway  
  32  3:20  Probe  
  32  3:21  Probe  
  34  3:27  Immortal  
  34  3:29  Sentry  
  34  3:33  Probe x2  
  42  3:45  Probe  
  43  3:49  Probe  
  43  3:53  Pylon  
  44  3:57  Probe  
  44  3:58  Warp Prism  
  44  4:01  Probe  
  46  4:07  Adept  
  46  4:08  Adept  
  52  4:11  Adept  
  54  4:22  Stalker  
  56  4:28  Stalker  
  56  4:29  Stalker  
  60  4:36  Pylon  
  60  4:40  Pylon  
  60  4:41  Pylon  
  60  5:03  Adept  
  60  5:04  Adept x3  
  64  5:35  Adept x4  
Show
View Real Time Build Order
Export as new Build Order

Ninotter Terran 

Build Orders:  

Get SALT Encoding   

  12  0:00  SCV  
  13  0:12  SCV  
  14  0:19  Supply Depot  
  14  0:24  SCV  
  15  0:41  SCV  
  16  0:43  Barracks  
  16  0:46  Refinery  
  16  0:53  SCV  
  17  1:05  SCV  
  18  1:17  SCV  
  19  1:29  SCV, Command Center  
  20  1:42  Orbital Command  
  20  1:46  Barracks Reactor  
  20  1:53  Supply Depot  
  20  2:08  SCV  
  21  2:09  Bunker  
  21  2:16  Factory  
  21  2:20  SCV  
  21  2:22  Marine  
  23  2:24  Marine  
  24  2:32  SCV  
  24  2:35  Refinery  
  25  2:41  Orbital Command  
  25  2:44  SCV  
  26  2:56  SCV  
  26  2:57  Marine x2  
  29  3:00  Starport  
  29  3:07  Factory Reactor  
  29  3:08  SCV x2  
  31  3:13  Refinery  
  31  3:20  SCV x2, Marine x2  
  35  3:32  SCV x2  
  37  3:37  Starport Tech Lab  
  37  3:40  Marine x2  
  39  3:44  Barracks, SCV  
  39  3:45  SCV, Barracks  
  41  3:57  SCV x2  
  41  4:01  Supply Depot  
  43  4:09  Engineering Bay, Marine, SCV x2  
  46  4:11  Engineering Bay  
  46  4:22  Barracks  
  46  4:23  Marine, Siege Tank, SCV x2  
  52  4:27  Medivac  
  54  4:32  Supply Depot  
  54  4:40  Barracks Tech Lab  
  54  4:41  Barracks Tech Lab  
  54  4:54  Medivac, SCV x2  
  54  4:55  Supply Depot x2  
  58  5:05  Marine x3  
  62  5:07  SCV  
  62  5:09  Supply Depot  
  62  5:15  Barracks Reactor  
  62  5:16  SCV  
  57  5:31  Marine x2  
Tags
 
Add a new tag
Caveats
  • Supply blocks, unpowered buildings, or Contaminate may cause inaccurate times.
  • Supply counts are checked every 10 seconds.